 Dungeon Crawl Stone Soup version 0.31-a0-978-g1e143483b6 (webtiles) character file.

Game seed: 6566453855551164330

660 Xavori the Trooper (level 7, -4/53 HPs)
             Began as a Djinni Chaos Knight on Oct 31, 2023.
             Was a Plaything of Xom.
             Slain by Crazy Yiuf
             ... wielding a +4 quarterstaff of chaos
              (16 damage)
             ... on level 5 of the Dungeon.
             The game lasted 00:04:32 (7755 turns).

Xavori the Trooper (Djinni Chaos Knight)            Turns: 7755, Time: 00:04:33

Health: -4/53      AC:  5    Str: 11    XL:     7   Next: 86%
Gold:   243        EV: 17    Int: 13    God:    Xom [....*.] SH:  0 Dex: 13

rFire   + + .        a - +1 falchion (chaos)
rCold   x . .        (no shield)
rNeg    + . .        p - +0 leather armour of Naror {+Inv Regen+}
rPois   ∞            q - +1 helmet
rElec   .            (no cloak)
rCorr   .            (no gloves)
SInv    .            (boots unavailable)
Will    ++...        z - amulet of regeneration
Stlth   +            u - +5 ring of evasion
HPRegen 1.88/turn    B - ring of positive energy
MPRegen 0.00/turn

%: infuse magic (-5 HP)
@: mighty, flying
A: sickness immunity, fire resistance 2, cold vulnerability 1, float, innate
caster, HP casting, extra vitality 1, clumsy 1, strong-willed 2, screaming 1,
noise suppression
a: Renounce Religion, Evoke Invisibility


You were on level 5 of the Dungeon.
You worshipped Xom.
You were a beloved toy of Xom.
You visited 1 branch of the dungeon, and saw 5 of its levels.

You collected 243 gold pieces.

Inventory:

Hand Weapons
 a - a +1 falchion of chaos (weapon)
Armour
 b - a +2 leather armour
 p - the +0 leather armour of Naror (worn) {+Inv Regen+}
   (You found it on level 2 of the Dungeon)

   +Inv:      It lets you turn invisible.
   Regen+:    It increases your rate of health regeneration.
 q - a +1 helmet (worn)
Jewellery
 u - a +5 ring of evasion (left hand)
 z - an amulet of regeneration (around neck)
 B - a ring of positive energy (right hand)
Wands
 v - a wand of polymorph (3)
 w - a wand of mindburst (13)
 x - a wand of acid (4)
 C - a wand of iceblast (2)
Scrolls
 c - a scroll of butterflies
 d - a scroll of revelation {unknown}
 f - 3 scrolls of fog {unknown}
 h - 3 scrolls of enchant armour {unknown}
 i - a scroll of amnesia {unknown}
 j - 3 scrolls of teleportation {unknown}
 k - 5 scrolls of vulnerability {unknown}
 l - a scroll of enchant weapon
 m - 3 scrolls of identify {unknown}
 n - 2 scrolls of fear {unknown}
 r - a scroll of immolation
 t - a scroll of silence {unknown}
 y - a scroll of blinking {unknown}
Potions
 e - a potion of haste {unknown}
 g - 2 potions of might {unknown}
 o - 3 potions of curing {unknown}
 s - a potion of heal wounds {unknown}
 A - a potion of brilliance


   Skills:
 + Level 4.4 Fighting
 + Level 4.0 Long Blades
 + Level 3.2 Armour
 + Level 4.1 Dodging
 * Level 2.7 Spellcasting
 * Level 2.7 Conjurations
 * Level 2.7 Hexes
 * Level 2.7 Summonings
 * Level 2.7 Necromancy
 * Level 2.7 Translocations
 * Level 2.7 Transmutations
 * Level 2.7 Fire Magic
 * Level 2.7 Ice Magic
 * Level 2.7 Air Magic
 * Level 2.7 Earth Magic
 * Level 2.7 Poison Magic
 + Level 1.3 Evocations


You knew the following spells:

 Your Spells              Type           Power      Damage    Failure   Level
a - Shock                 Conj/Air       32%        1d5       10%         1
b - Jinxbite              Hex            16%        N/A       14%         2
c - Summon Guardian Gole  Hex/Summ       8%         N/A       28%         3
Your spell library was empty.

Dungeon Overview and Level Annotations

Branches:
Dungeon (5/15)
 Temple: D:4-7

Altars:
Ashenzari
Dithmenos

Annotations:
D:5 Crazy Yiuf


Innate Abilities, Weirdness & Mutations

You are immune to sickness and miasma.
You are immune to poison.
Your flesh is very heat resistant. (rF++)
You are vulnerable to cold. (rC-)
You float through the air rather than walking.
You learn spells naturally, not from books.
Your magical power is your life essence.
You have superior vitality. (+4 MHP)
You are clumsy. (Dex -2)
You are highly strong-willed. (Will++)
You occasionally shout uncontrollably at your foes.
You passively dampen the noise of your surroundings.


Message History

The hound closely misses you.
You slash the hound! You drain the hound.
The hound is severely wounded.
The hound closely misses you. The hound misses you.
You closely miss the hound.
The hound is severely wounded.
The hound closely misses you.
Unknown command.
You closely miss the hound.
The hound is severely wounded.
The hound misses you. x2
Unknown command.
You hit the hound.
The hound is almost dead.
The hound barely misses you. x2
You hit the hound.
You kill the hound!
No target in view!
k - 5 scrolls labelled VOHUUC MIGYNEO (gained 3)
Found a hammer.
Found a runed translucent door.
Crazy Yiuf says, "No facts are to me sacred; none are profane; I simply experiment, an endless seeker, with no past at my back."
Crazy Yiuf says, "No facts are to me sacred; none are profane; I simply experiment, an endless seeker, with no past at my back."
Could not explore, unopened runed door.
You reach down and open the door.
You hit Crazy Yiuf but do no damage.
Crazy Yiuf is poisoned.
Your trail of clouds dissipates.
Crazy Yiuf hits you with a +4 quarterstaff of chaos.
You hit Crazy Yiuf.
Crazy Yiuf is lightly wounded.
Crazy Yiuf hits you with a +4 quarterstaff of chaos!
You feel very mighty all of a sudden.
You closely miss Crazy Yiuf.
Crazy Yiuf is moderately wounded.
Crazy Yiuf hits you with a +4 quarterstaff of chaos!
You are electrocuted!!
* * * LOW HITPOINT WARNING * * *
You hit Crazy Yiuf.
Crazy Yiuf is moving more slowly.
Crazy Yiuf is heavily wounded.
Crazy Yiuf hits you but does no damage.
You are electrocuted!
You die...

#.......#
#######.......#
#.............#
#.#############
#.# ##.##♣♣♣♣♣
#......♣.♣♣♣ ###
#.......♣.§♣#...#
#......♣♣♣♣@g...#
##....♣♣ ♣♣#..)#
####♣♣ ###


You could see Crazy Yiuf (petrifying, very poisoned).

Vanquished Creatures
  Sigmund (D:3)
  An ogre (D:4)
  A scorpion (D:4)
  An orc priest (D:3)
  A hound (D:5)
  Natasha (thrice) (D:3)
  3 adders
  An ufetubus (D:5)
  4 worms
  3 dart slugs
  5 orcs
  11 ball pythons
  5 endoplasms
  6 goblins
  6 hobgoblins
  3 jackals (D:4)
  6 quokkas
  5 bats
  2 frilled lizards (D:2)
  4 kobolds
  7 rats
79 creatures vanquished.

Vanquished Creatures (collateral kills)
  A frilled lizard (D:1)
  A kobold (D:1)
2 creatures vanquished.

Vanquished Creatures (others)
  Grinder (D:5)
  An ufetubus (D:5)
2 creatures vanquished.

Grand Total: 83 creatures vanquished

Notes
Turn   | Place    | Note
-------+----------+-------------------------------------------
     0 | D:1      | Xavori the Djinni Chaos Knight began the quest for the Orb.
     0 | D:1      | Reached XP level 1. HP: 20/20 MP: 0/0
   142 | D:1      | Reached XP level 2. HP: 24/25 MP: 0/0
   237 | D:1      | XOM: smoke on damage
   402 | D:1      | Reached XP level 3. HP: 30/30 MP: 0/0
   402 | D:1      | Learned a level 1 spell: Shock
  1101 | D:1      | XOM: divination: magic mapping
  1420 | D:1      | XOM: silly message
  1636 | D:1      | XOM: silly message
  2101 | D:1      | XOM: give mutations
  2101 | D:1      | Gained mutation: Potions are less effective at restoring
                  | your health. [Xom's mischief]
  2101 | D:1      | Gained mutation: You are strong-willed. (Will+) [Xom's
                  | mischief]
  2246 | D:1      | XOM: torment (16/30 hp)
  2340 | D:1      | XOM: cloud trail
  2752 | D:1      | XOM: scenery: 2 doors open, 2 doors close
  3049 | D:1      | XOM: god gift: 6 stones
  3074 | D:1      | XOM is BORED!
  3074 | D:1      | XOM: give mutation
  3074 | D:1      | Gained mutation: You are frail. (-10% HP) [Xom's mischief]
  3936 | D:1      | XOM: scenery: 2 doors open, 2 doors close
  4151 | D:1      | XOM: god gift: 2 scrolls labelled GYONENYNOF {god gift}
  4313 | D:1      | XOM: give mutations
  4313 | D:1      | Gained mutation: You have a pair of small horns on your
                  | head. [Xom's mischief]
  4313 | D:1      | Gained mutation: You passively dampen the noise of your
                  | surroundings. [Xom's mischief]
  4313 | D:1      | Lost mutation: Potions are less effective at restoring your
                  | health. [Xom's mischief]
  4365 | D:1      | XOM: god gift: fizzy clear potion {god gift}
  4941 | D:1      | XOM: silly message
  5345 | D:1      | XOM: scenery: 2 doors open, 2 doors close
  5384 | D:1      | XOM: summons 4 hostile shadow creatures
  5415 | D:2      | XOM: torment (15/27 hp)
  5561 | D:2      | Reached skill level 1 in Spellcasting
  5561 | D:2      | Reached skill level 1 in Conjurations
  5561 | D:2      | Reached skill level 1 in Hexes
  5561 | D:2      | Reached skill level 1 in Summonings
  5561 | D:2      | Reached skill level 1 in Necromancy
  5561 | D:2      | Reached skill level 1 in Translocations
  5561 | D:2      | Reached skill level 1 in Transmutations
  5561 | D:2      | Reached skill level 1 in Fire Magic
  5561 | D:2      | Reached skill level 1 in Ice Magic
  5561 | D:2      | Reached skill level 1 in Air Magic
  5561 | D:2      | Reached skill level 1 in Earth Magic
  5561 | D:2      | Reached skill level 1 in Poison Magic
  5602 | D:2      | Reached XP level 4. HP: 26/31 MP: 0/0
  5748 | D:2      | XOM: cloud trail
  5791 | D:2      | XOM: fake destruction
  5861 | D:2      | Identified the +0 leather armour of Naror {+Inv Regen+}
  5920 | D:2      | XOM: cloud trail
  6042 | D:3      | Found a shadowy altar of Dithmenos.
  6286 | D:3      | Noticed Natasha
  6295 | D:3      | XOM: butterfly on damage
  6296 | D:3      | Killed Natasha
  6297 | D:3      | Reached XP level 5. HP: 23/36 MP: 0/0
  6297 | D:3      | Learned a level 2 spell: Jinxbite
  6343 | D:3      | Found a faded altar of an unknown god.
  6370 | D:3      | Noticed Natasha
  6382 | D:3      | Killed Natasha
  6481 | D:3      | XOM: 2-stop teleportation journey
  6547 | D:3      | XOM: god gift: +2 halberd of chaos
  6597 | D:3      | Found a broken altar of Ashenzari.
  6766 | D:3      | Noticed Natasha
  6792 | D:3      | Killed Natasha
  6793 | D:3      | Reached XP level 6. HP: 25/42 MP: 0/0
  6852 | D:3      | Noticed Sigmund
  6858 | D:3      | XOM: god gift: scroll labelled MIODWUYVVI {god gift}
  6862 | D:3      | Killed Sigmund
  7103 | D:4      | Reached XP level 7. HP: 37/46 MP: 0/0
  7103 | D:4      | Learned a level 3 spell: Summon Guardian Golem
  7112 | D:4      | XOM: god gift: wand of acid (4)
  7168 | D:4      | XOM: god gift: amulet of regeneration
  7464 | D:4      | XOM: torment (27/46 hp)
  7479 | D:4      | XOM: give mutations
  7479 | D:4      | Gained mutation: You are clumsy. (Dex -2) [Xom's mischief]
  7479 | D:4      | Lost mutation: You have a pair of small horns on your head.
                  | [Xom's mischief]
  7479 | D:4      | Gained mutation: You occasionally shout uncontrollably at
                  | your foes. [Xom's mischief]
  7546 | D:4      | XOM: give mutations
  7546 | D:4      | Lost mutation: You are frail. (-10% HP) [Xom's mischief]
  7546 | D:4      | Gained mutation: You are highly strong-willed. (Will++)
                  | [Xom's mischief]
  7646 | D:5      | Entered Level 5 of the Dungeon
  7663 | D:5      | XOM: cloud trail
  7667 | D:5      | Noticed Grinder
  7686 | D:5      | Killed Grinder
  7686 | D:5      | XOM: divine lightning
  7687 | D:5      | Reached skill level 1 in Evocations
  7747 | D:5      | Found a runed translucent door.
  7748 | D:5      | Noticed Crazy Yiuf
  7755 | D:5      | Slain by Crazy Yiuf

Illustrated notes

Levels and vault maps discovered:
D:1:      minmay_arrival_up_and_down, layout_basic
D:2:      layout_rooms, minmay_domino_4
D:3:      layout_basic, mainiacjoe_overflow_brackets, evilmike_ruin_ashenzari,
          fiery_altar_vehumet, shapermc_ecumenical_altar_mp_highgroup,
          item_on_display_a, uniq_sigmund, uniq_natasha
D:4:      layout_loops_ring
D:5:      layout_basic, kennysheep_nondescript, uniq_eustachio, uniq_grinder,
          uniq_crazy_yiuf_cottage

Skill      XL: |  1  2  3  4  5  6  7 |
---------------+----------------------+-----
Long Blades    | 3 4 |  4.0
Spellcasting   | 1 2 |  2.7
Conjurations   | 1 2 |  2.7
Hexes          | 1 2 |  2.7
Summonings     | 1 2 |  2.7
Necromancy     | 1 2 |  2.7
Translocations | 1 2 |  2.7
Transmutations | 1 2 |  2.7
Fire Magic     | 1 2 |  2.7
Ice Magic      | 1 2 |  2.7
Air Magic      | 1 2 |  2.7
Earth Magic    | 1 2 |  2.7
Poison Magic   | 1 2 |  2.7
Armour         | 2 3 |  3.2
Dodging        | 3 4 |  4.1
Fighting       | 4 |  4.4
Evocations     | 1 |  1.3

Action                     |  1- 3 |  4- 6 |  7- 9 || total
---------------------------+-------+-------+-------++-------
  Melee: Falchion          |    66 |   106 |    69 ||   241
         Headbutt          |     2 |    15 |     7 ||    24
         Unarmed           |       |     7 |       ||     7
         Punch             |       |       |     1 ||     1
  Evoke: Wand              |       |       |     1 ||     1
    Use: Scroll            |     1 |     1 |       ||     2
         Potion            |     1 |       |       ||     1
   Stab: Paralysed         |       |       |     3 ||     3
 Armour: Leather armour    |    34 |    56 |    43 ||   133
         Skin              |       |     3 |       ||     3
  Dodge: Dodged            |    31 |    59 |    89 ||   179

Table legend: (Time is in decaauts)
 A = Elapsed time spent in this place.
 B = Non-inter-level travel time spent in this place.
 C = Inter-level travel time spent in this place.
 D = Time resting spent in this place.
 E = Time spent auto-exploring this place.
 F = Levels seen in this place.
 G = Mean time per level.
                   A        B        C        D        E       F      G
               +--------+--------+--------+--------+--------+-----+--------+
         Total |   7785 |   7715 |     70 |   4934 |   2154 |   5 | 1557.0 |
       Dungeon |   7785 |   7715 |     70 |   4934 |   2154 |   5 | 1557.0 |
               +--------+--------+--------+--------+--------+-----+--------+

Top non-repeatable levels by time:
     D:1: 5390 daAuts
     D:3: 953 daAuts
     D:4: 683 daAuts
     D:2: 646 daAuts
     D:5: 111 daAuts
